 Dungeon Crawl Stone Soup version 0.30-a0-737-gf23d94013f (webtiles) character file.

Game seed: 14447489325239733916

478 IdlyInterested the Slasher (level 6, -3/48 HPs)
             Began as a Demonspawn Fighter on Feb 2, 2023.
             Slain by Edmund
             ... wielding a +3 dire flail of protection
              (10 damage)
             ... on level 4 of the Dungeon.
             The game lasted 00:08:47 (3283 turns).

IdlyInterested the Slasher (Demonspawn Fighter)     Turns: 3283, Time: 00:08:48

Health: -3/48      AC: 10    Str: 16    XL:     6   Next: 86%
Magic:  6/6        EV:  7    Int: 10    God:
Gold:   88         SH:  5    Dex: 14    Spells: 5/5 levels left

rFire   + . .      SeeInvis .    a - +0 long sword (flame)
rCold   . . .      Faith    .    c - +0 buckler
rNeg    . . .      Spirit   .    h - +0 chain mail
rPois   .          Reflect  .    i - +0 helmet
rElec   .          Harm     .    (no cloak)
rCorr   .          Rampage  .    (no gloves)
Will    .....                    (no boots) Stlth
                                 (no amulet)
HPRegen 0.28/turn                l - ring of protection from fire
MPRegen 0.10/turn                (no ring)

@: invisible
A: powered by death 1, weakness stinger 1
a: no special abilities


You were on level 4 of the Dungeon.
You visited 1 branch of the dungeon, and saw 4 of its levels.

You collected 162 gold pieces.
You spent 74 gold pieces at shops.

Inventory:

Hand Weapons
 a - a +0 long sword of flaming (weapon)
Missiles
 j - 41 stones (quivered)
 m - 3 curare-tipped darts
 A - 4 poisoned darts
Armour
 b - a +0 scale mail
 c - a +0 buckler (worn)
 h - a +0 chain mail (worn)
 i - a +0 helmet (worn)
Jewellery
 g - a ring of fire
 l - a ring of protection from fire (left hand)
 q - an amulet of guardian spirit
Wands
 k - a wand of roots (11)
Scrolls
 f - 2 scrolls of fear
 w - a scroll of vulnerability
 y - 2 scrolls of teleportation
Potions
 d - 3 potions of might
 e - a potion of heal wounds {unknown}
 n - a potion of cancellation {unknown}
 o - a potion of lignification {unknown}
 p - a potion of flight
 r - 2 potions of attraction
 s - a potion of resistance
 t - 2 potions of haste
 u - a potion of brilliance
 v - a potion of curing
 x - a potion of degeneration {unknown}


   Skills:
 * Level 4.2 Fighting
 + Level 4.4 Long Blades
 - Level 1.0 Throwing
 - Level 3.0 Armour
 - Level 2.0 Dodging
 - Level 4.0 Shields
 + Level 0.6 Evocations


You had 5 spell levels left.
You didn't know any spells.
Your spell library was empty.

Dungeon Overview and Level Annotations

Branches:
Dungeon (4/15)
 Temple: D:4-7

Altars:
Ashenzari
Hepliaklqana
Okawaru

Shops:
D:2 *

Annotations:
D:4 Edmund


Innate Abilities, Weirdness & Mutations

You regenerate a little health from kills.
You have a small tail.


Message History

You hit Edmund but do no damage. You tail-slap Edmund, but do no damage.
Edmund is lightly wounded.
You block Edmund's attack.
You hit Edmund but do no damage. You tail-slap Edmund.
Edmund is lightly wounded.
Edmund completely misses you. You block Edmund's attack.
You slash Edmund! You burn Edmund.
Edmund is heavily wounded.
Edmund barely misses you.
You barely miss Edmund.
Edmund is heavily wounded.
Edmund hits you but does no damage.
You slash Edmund! You burn Edmund.
Your tail-slap misses Edmund.
Edmund is severely wounded.
Edmund closely misses you.
You slash Edmund! You burn Edmund.
Your tail-slap misses Edmund.
Edmund is almost dead.
You block Edmund's attack.
Edmund hits you with a +3 dire flail of protection!
You hit Edmund but do no damage.
Edmund is almost dead.
Edmund barely misses you.
You closely miss Edmund.
Your tail-slap misses Edmund.
Edmund is almost dead.
Edmund hits you with a +3 dire flail of protection.
You hit Edmund but do no damage.
Edmund is almost dead.
You block Edmund's attack.
You hit Edmund but do no damage. You tail-slap Edmund, but do no damage.
Edmund is almost dead.
Edmund hits you with a +3 dire flail of protection!
* * * LOW HITPOINT WARNING * * *
Edmund hits you with a +3 dire flail of protection.
* * * LOW HITPOINT WARNING * * *
You fade into invisibility!
Edmund closely misses you.
You barely miss Edmund.
Edmund is almost dead.
Edmund hits you with a +3 dire flail of protection!
You die...

##...####.........####...#.###.
#..<....+.........+............
#.###.####.........####...#.###.
.# ##.......## ##.##.# #. .#
##.....## #..... .. ## ##...##
####.#### ##'## #.# ###.########
#...@@...... #.#.#######. ......
###.... ##...# ##.## #.# #.


You could see Edmund (unable to see you).

Vanquished Creatures
  Sigmund (D:3)
  A scorpion (D:4)
  Terence (D:3)
  Ijyb (D:3)
  Natasha (thrice) (D:3)
  Robin (D:3)
  7 adders (D:2)
  An orc (D:3)
  3 endoplasms
  A giant cockroach (D:4)
  6 goblins
  13 hobgoblins
  2 jackals (D:2)
  4 kobolds
  11 ball pythons
  7 bats
  5 frilled lizards
  2 rats (D:1)
70 creatures vanquished.

Notes
Turn   | Place    | Note
-------+----------+-------------------------------------------
     0 | D:1      | IdlyInterested the Demonspawn Fighter began the quest for
                  | the Orb.
     0 | D:1      | Reached XP level 1. HP: 18/18 MP: 1/1
   137 | D:1      | Gained mutation: You have a small tail. [demonic ancestry]
   137 | D:1      | Reached XP level 2. HP: 16/24 MP: 2/2
   756 | D:2      | Found Xeuhytem's Assorted Antiques.
   872 | D:2      | Reached XP level 3. HP: 29/29 MP: 3/3
  1217 | D:2      | Reached skill level 1 in Dodging
  1295 | D:2      | Reached XP level 4. HP: 24/35 MP: 4/4
  1520 | D:2      | Found a broken altar of Ashenzari.
  2054 | D:2      | Bought a scroll labelled YVEBOA GOUDGHI for 19 gold pieces
  2054 | D:2      | Bought a dark potion for 17 gold pieces
  2054 | D:2      | Bought 2 scrolls labelled PIFODE BADD for 38 gold pieces
  2105 | D:3      | Noticed Natasha
  2114 | D:3      | Killed Natasha
  2115 | D:3      | Reached skill level 1 in Throwing
  2255 | D:3      | Noticed Natasha
  2260 | D:3      | Noticed Robin
  2261 | D:3      | Killed Natasha
  2262 | D:3      | Gained mutation: You regenerate a little health from kills.
                  | [demonic ancestry]
  2262 | D:3      | Reached XP level 5. HP: 36/41 MP: 5/5
  2283 | D:3      | Noticed Terence
  2294 | D:3      | Killed Robin
  2299 | D:3      | Killed Terence
  2381 | D:3      | Noticed Natasha
  2389 | D:3      | Killed Natasha
  2420 | D:3      | Noticed Ijyb
  2435 | D:3      | Killed Ijyb
  2532 | D:3      | Noticed Sigmund
  2543 | D:3      | Killed Sigmund
  2544 | D:3      | Reached XP level 6. HP: 31/48 MP: 6/6
  2865 | D:4      | Found an iron altar of Okawaru.
  3045 | D:4      | Identified the +1 sling of Blind Justice {drain, Str+2}
  3245 | D:4      | Found a hazy altar of Hepliaklqana.
  3262 | D:4      | Noticed Edmund
  3283 | D:4      | Slain by Edmund

Illustrated notes

Levels and vault maps discovered:
D:1:      amcnicky_arrival_feature_with_door, layout_basic, serial_bayou_pond_d,
          minmay_misc_feat_square
D:2:      layout_basic, serial_shops, nicolae_shop_stone, basic_altar,
          minmay_snake_closets
D:3:      layout_rooms, minmay_misc_feat_alley, uniq_robin, uniq_sigmund,
          uniq_ijyb, uniq_terence, uniq_natasha
D:4:      layout_loops_corners, okawaru_ov_weapons_minmay,
          mainiacjoe_overflow_concentric_impassable, nrook_loot_triangle,
          uniq_edmund

Skill      XL: |  1  2  3  4  5 |
---------------+----------------+-----
Long Blades    | 2 3 4 |  4.4
Armour         | 3 |  3.0
Shields        | 3 4 |  4.0
Dodging        | 1 2 |  2.0
Throwing       | 1 |  1.0
Fighting       | 4 |  4.2
Evocations     | |  0.6

Action                     |  1- 3 |  4- 6 || total
---------------------------+-------+-------++-------
  Melee: Long sword        |   109 |   149 ||   258
         Tailslap          |     8 |    13 ||    21
    Use: Scroll            |       |    11 ||    11
         Potion            |       |     2 ||     2
 Armour: Scale mail        |    54 |    47 ||   101
         Chain mail        |       |    27 ||    27
  Dodge: Dodged            |    73 |    54 ||   127
  Block: Buckler           |    25 |    45 ||    70

Table legend: (Time is in decaauts)
 A = Elapsed time spent in this place.
 B = Non-inter-level travel time spent in this place.
 C = Inter-level travel time spent in this place.
 D = Time resting spent in this place.
 E = Time spent auto-exploring this place.
 F = Levels seen in this place.
 G = Mean time per level.
                   A        B        C        D        E       F      G
               +--------+--------+--------+--------+--------+-----+--------+
         Total |   3370 |   2988 |    382 |    385 |   1789 |   4 |  842.5 |
       Dungeon |   3370 |   2988 |    382 |    385 |   1789 |   4 |  842.5 |
               +--------+--------+--------+--------+--------+-----+--------+

Top non-repeatable levels by time:
     D:2: 1445 daAuts
     D:1: 819 daAuts
     D:3: 635 daAuts
     D:4: 469 daAuts
